 Dungeon Crawl Stone Soup version 0.24-a0-251-g44e327e (webtiles) character file.

Game seed: 14443503867973523004

82 Borgoz the Cutter (level 4, -5/40 HPs)
             Began as a Kobold Gladiator on Apr 16, 2019.
             Killed by divine providence
             ... invoked by an orc priest
              (12 damage)
             ... on level 3 of the Dungeon.
             The game lasted 00:02:14 (1776 turns).

Borgoz the Cutter (Kobold Gladiator)                Turns: 1776, Time: 00:02:15

Health: -5/40      AC: 22    Str: 12    XL:     4   Next: 70%
Magic:  4/4        EV:  3    Int:  9    God:
Gold:   156        SH:  0    Dex: 16    Spells: 3/3 levels left

rFire    . . .     SeeInvis .   a - +0 rapier
rCold    . . .     Gourm    .   (shield restricted)
rNeg     + + +     Faith    .   (armour currently unavailable)
rPois    +         Spirit   .   (helmet currently unavailable)
rElec    .         Reflect  .   (cloak currently unavailable)
rCorr    .         Harm     .   (gloves currently unavailable)
MR       .....     NoTele   +   (boots currently unavailable)
Stlth    ++........             (no amulet)
HPRegen  0.13/turn              (no ring)
MPRegen  0.09/turn              (no ring)

@: tree-form
A: small, carnivore
a: no special abilities


You were on level 3 of the Dungeon.
You were completely stuffed.
You were a tree.
You visited 1 branch of the dungeon, and saw 3 of its levels.

You collected 156 gold pieces.

Inventory:

Hand Weapons
 a - a +0 rapier (weapon)
Missiles
 d - 3 throwing nets (quivered)
Armour
 b - a +0 leather armour (melded)
 c - a +0 helmet (melded)
Jewellery
 i - an uncursed ring of wizardry {unknown}
 n - an uncursed ring of positive energy {unknown}
 u - a +3 ring of slaying {unknown}
Scrolls
 e - 4 scrolls of identify {unknown}
 h - 2 scrolls of remove curse {unknown}
 k - a scroll of blinking {unknown}
 l - 2 scrolls of teleportation {unknown}
 o - a scroll of fog {unknown}
 q - a scroll of enchant weapon {unknown}
Potions
 j - a potion of ambrosia {unknown}
 m - a potion of mutation {unknown}
 p - 3 potions of lignification
 t - a potion of curing {unknown}
Comestibles
 f - 4 rations
 s - 3 chunks of flesh


   Skills:
 + Level 2.9 Fighting
 + Level 4.7 Short Blades
 - Level 2.1 Throwing
 + Level 1.2 Armour
 + Level 4.2 Dodging
 + Level 2.4 Stealth


You had 3 spell levels left.
You didn't know any spells.
Your spell library contained the following spells:

 Spells                   Type           Power        Failure   Level  Hunger
 Animate Skeleton         Necr           N/A          38%         1    ##.....
 Apportation              Tloc           #.....       38%         1    ##.....
 Confusing Touch          Hex            #.....       38%         1    ##.....
 Summon Small Mammal      Summ           #...         38%         1    ##.....


Dungeon Overview and Level Annotations

Branches:
Dungeon (3/15)

Altars:


Innate Abilities, Weirdness & Mutations

You are small and have problems with some larger weapons.
You are carnivorous and can eat meat at any time.


Message History

You barely miss the orc.
The orc is almost dead.
The orc hits you but does no damage.
The orc priest casts a cantrip, but nothing happens.
The orc hits you but does no damage.
You hit the orc.
You kill the orc!
You barely miss the orc priest. The orc hits you but does no damage.
The orc priest hits you with a +0 flail.
* * * LOW HITPOINT WARNING * * *
You hit the orc priest.
The orc priest is lightly wounded.
The orc hits you but does no damage.
The orc priest casts a cantrip, but nothing happens.
You closely miss the orc priest.
The orc priest is lightly wounded.
The orc hits you but does no damage.
The orc priest mumbles some strange prayers to Beogh against you.
Beogh smites you!
You die...

##### ..... ...oK.
o.(. # ..b# .. #..##
#. #..####.#
#..#####o.....#
#.(....♣o###...!
##.##..### .
#..####### #........#
#.#......# #.(
#.#......# ### #.#
#.#......#####.# #)#
##.#............# ##
#.#
#..####.##......#####


You could see an orc priest and an orc.

Vanquished Creatures
  An ooze (D:1)
  2 worms (D:3)
  2 leopard geckos (D:3)
  3 orcs (D:3)
  A ball python (D:2)
  4 giant cockroaches
  3 goblins
  6 hobgoblins
  6 jackals
  A quokka (D:3)
  10 bats
  2 frilled lizards (D:2)
  14 kobolds
  8 rats
63 creatures vanquished.

Notes
Turn   | Place    | Note
-------+----------+-------------------------------------------
     0 | D:1      | Borgoz the Kobold Gladiator began the quest for the Orb.
     0 | D:1      | Reached XP level 1. HP: 12/12 MP: 1/1
    55 | D:1      | Reached XP level 2. HP: 18/18 MP: 2/2
    67 | D:1      | Reached skill level 1 in Stealth
   228 | D:1      | Reached XP level 3. HP: 22/22 MP: 3/3
   764 | D:2      | Reached skill level 1 in Armour
   767 | D:2      | Reached XP level 4. HP: 27/27 MP: 4/4
  1776 | D:3      | Killed from afar by an orc priest

Levels and vault maps discovered:
D:1:      minmay_arrival_jagged, layout_loops_ring
D:2:      layout_loops_ring
D:3:      layout_rooms, first_ration, kennysheep_generic_room_6

Skill      XL: |  1  2  3  4 |
---------------+-------------+-----
Stealth        | 1 2 |  2.4
Dodging        | 4 |  4.2
Armour         | 1 |  1.2
Fighting       | |  2.9
Short Blades   | |  4.7
Throwing       | |  2.1

Action                   |  1- 3 |  4- 6 || total
-------------------------+-------+-------++-------
Melee: Rapier            |    89 |    73 ||   162
  Use: Potion            |       |     3 ||     3
 Stab: Sleeping          |     4 |     4 ||     8
  Eat: Chunk             |     8 |     3 ||    11
Armor: Leather armour    |    28 |    18 ||    46
       Skin              |       |     7 ||     7
Dodge: Dodged            |    72 |    51 ||   123

Table legend:
 A = Non-vault XP
 B = Vault XP
 C = Vault XP percentage of total XP
 D = Non-vault monster count
 E = Vault monster count
 F = Vault count percentage of total count
                 A         B        C        D         E       F
            +---------+---------+-------+---------+---------+-------
      Total |     118 |       0 |   0.0 |      63 |       0 |   0.0
            +---------+---------+-------+---------+---------+-------
        D:1 |      62 |       0 |   0.0 |      35 |       0 |   0.0
        D:2 |      23 |       0 |   0.0 |      15 |       0 |   0.0
        D:3 |      33 |       0 |   0.0 |      13 |       0 |   0.0
            +---------+---------+-------+---------+---------+-------
